 Dungeon Crawl Stone Soup version 0.29.0-4-gdea44cf6ec (webtiles) character file.

Game seed: 6148232368686952342

71 qw the Chopper (level 4, -8/26 HPs)
             Began as a Tengu Warper on Aug 28, 2022.
             Mangled by Sigmund
             ... wielding a +0 scythe
              (9 damage)
             ... on level 3 of the Dungeon.
             The game lasted 00:00:14 (2645 turns).

qw the Chopper (Tengu Warper)                       Turns: 2645, Time: 00:00:14

Health: -8/26      AC:  5    Str: 14    XL:     4   Next: 24%
Magic:  8/8        EV: 11    Int: 13    God:
Gold:   68         SH:  0    Dex: 13    Spells: 7/7 levels left

rFire   . . .      SeeInvis .   Y - +1 hand axe
rCold   + . .      Faith    .   (no shield)
rNeg    . . .      Spirit   .   f - +0 ring mail
rPois   .          Reflect  .   (helmet restricted)
rElec   .          Harm     .   (no cloak)
rCorr   .          Rampage  .   (no gloves)
Will    .....                   (boots unavailable)
Stlth   +.........              (no amulet)
HPRegen 0.08/turn               j - ring of protection from cold
MPRegen 0.11/turn               (no ring)

@: no status effects
A: beak, talons 3
a: no special abilities


You were on level 3 of the Dungeon.
You visited 1 branch of the dungeon, and saw 3 of its levels.

You collected 138 gold pieces.
You spent 70 gold pieces at shops.


Innate Abilities, Weirdness & Mutations

You have a beak for a mouth.
You have claws for feet.


   Skills:
 - Level 2.0 Fighting
 + Level 4.8 Axes
 - Level 1.0 Throwing
 - Level 1.1 Armour
 - Level 2.1 Dodging
 - Level 2.0 Spellcasting
 - Level 2.4 Translocations


You had 7 spell levels left.
You didn't know any spells.
Your spell library contained the following spells:

 Spells                   Type           Power      Damage    Failure   Level
 Blink                    Tloc           14%        N/A       30%         2
 Gell's Gravitas          Tloc           7%         N/A       52%         3
 Lesser Beckoning         Tloc           7%         N/A       52%         3
 Teleport Other           Tloc           7%         N/A       52%         3
 Manifold Assault         Tloc           7%         N/A       99%         5

Inventory:

Hand Weapons
 d - a +2 whip of electrocution
 Y - a +1 hand axe (weapon)
Armour
 f - a +0 ring mail (worn)
Jewellery
 h - a ring of fire
 j - a ring of protection from cold (left hand)
Scrolls
 a - a scroll of teleportation
 c - a scroll of identify
Potions
 b - a potion of attraction {unknown}
 e - a potion of curing {unknown}
 g - a potion of might {unknown}

Dungeon Overview and Level Annotations

Branches:
Dungeon (3/15)

Altars:
Xom

Shops:
D:3 ==*:

Annotations:
D:3 Sigmund


Message History

You closely miss the adder. You claw the adder.
You kill the adder!
You start resting.
HP restored.
You open the door.
Found an escape hatch in the ceiling.
A goblin comes into view. It is wielding a +0 dagger.
The goblin shouts!
There is an open door here.
You hit the goblin. You claw the goblin.
You kill the goblin!
Sigmund the Dreaded comes into view.
He is wielding a +0 scythe.
Sigmund shouts!
You hear a shout!
You see here a +0 dagger.
Found a shimmering altar of Xom.
Found an escape hatch in the ceiling.
A hobgoblin comes into view.
Sigmund closely misses you.
Enter note:
Enter note: Sigmund hits you with a +0 scythe!
You closely miss Sigmund. Your peck misses Sigmund. You hit Sigmund.
You claw Sigmund.
Sigmund is moderately wounded.
Sigmund casts a spell.
Sigmund flickers and vanishes!
Deactivating autopickup; reactivate with Ctrl-A.
You hit the hobgoblin.
You kill the hobgoblin!
You barely miss something. Something hits you!
You miss something. You claw something. Your peck misses something.
Something hits you.
You miss something. Your kick misses something. Your peck misses something.
You closely miss something.
You hear some strange, mumbled words.
A magic dart appears from out of thin air!
The magic dart hits you!
You closely miss something. Something hits you!
You die...

...... ############# ...... ....
.....>....... ...... .._.######
#....)).##### ###### .......<.#
#.....).# .........# #.......# ##
.........# #.......# .#
.........# #.......#####
.########....8....###...<........
...............{@..)'............
..#######..8.\<8..###.......#####
..#### ####.###.# #..>....#
.....## # ..# #.......# .###..#
.### #.......# ## ##.# ##
####..### #.## ##.....## #..#####
###### #..~~~..# ##.....###....#
#.~~~~~.#


There were no monsters in sight!

Vanquished Creatures
  2 adders (D:3)
  2 worms
  A dart slug (D:3)
  3 ball pythons
  4 endoplasms
  5 goblins
  7 hobgoblins
  2 jackals (D:2)
  A quokka (D:3)
  5 bats
  A frilled lizard (D:1)
  4 kobolds
  7 rats
44 creatures vanquished.

Notes
Turn   | Place    | Note
-------+----------+-------------------------------------------
     0 | D:1      | qw the Tengu Warper began the quest for the Orb.
     0 | D:1      | Reached XP level 1. HP: 12/12 MP: 4/4
     0 | D:1      | 0 ||| qw: Version: 0.1-a-89-g26bdef1
     0 | D:1      | 0 ||| qw: Game counter: 892
     0 | D:1      | 0 ||| qw: Always use a shield: true
     0 | D:1      | 0 ||| qw: God list: Okawaru
     0 | D:1      | 0 ||| qw: Allow faded altars: false
     0 | D:1      | 0 ||| qw: Do Orc after D:15 true
     0 | D:1      | 0 ||| qw: Do second Lair branch before Depths: true
     0 | D:1      | 0 ||| qw: Lair rune preference: random
     0 | D:1      | 0 ||| qw: Plans: Normal
     0 | D:1      | 0 ||| PLANNING D:1-11
   187 | D:1      | Reached XP level 2. HP: 17/17 MP: 6/6
   206 | D:1      | Reached skill level 3 in Axes
   233 | D:1      | 233 ||| Stepping ~*~*~tactically~*~*~ (stealth).
   392 | D:1      | 392 ||| DROPPING +0 club.
   835 | D:1      | 835 ||| UPGRADING to +0 ring mail.
   845 | D:1      | 845 ||| DROPPING +0 leather armour.
   846 | D:1      | 846 ||| READING scroll labelled DEDUMO GE KOGU.
   847 | D:1      | 847 ||| DROPPING scroll of blinking.
  1010 | D:2      | 1010 ||| DROPPING +0 whip.
  1040 | D:2      | Reached XP level 3. HP: 21/21 MP: 7/7
  1054 | D:2      | 1054 ||| Stepping ~*~*~tactically~*~*~ (stealth).
  1215 | D:2      | Found a faded altar of an unknown god.
  1362 | D:2      | Reached skill level 4 in Axes
  1578 | D:2      | 1578 ||| READING 2 scrolls labelled EMONEV JUAPAZOLI.
  1583 | D:2      | 1583 ||| READING scroll labelled ELELOVAQAS.
  1584 | D:2      | 1584 ||| READING scroll labelled HUDIUV DEPPOSOA.
  1706 | D:3      | 1706 ||| PLANNING SEWER
  1896 | D:3      | Found Vuquikk's Book Shoppe.
  1899 | D:3      | Found Ofuemo's General Store.
  1908 | D:3      | 1908 ||| SHOPLISTING potion of resistance (140 gold, have
                  | 103).
  1908 | D:3      | 1908 ||| BUYING scroll of identify (28 gold).
  1908 | D:3      | Bought a scroll of identify for 28 gold pieces
  1908 | D:3      | 1908 ||| BUYING scroll of teleportation (42 gold).
  1908 | D:3      | Bought a scroll of teleportation for 42 gold pieces
  2318 | D:3      | Found a shimmering altar of Xom.
  2327 | D:3      | 2327 ||| RIP SEWER
  2328 | D:3      | 2328 ||| PLANNING D:1-11
  2388 | D:3      | Reached XP level 4. HP: 21/26 MP: 8/8
  2472 | D:3      | 2472 ||| UPGRADING to ring of protection from cold.
  2473 | D:3      | 2473 ||| READING scroll labelled NAXKEH GUJE.
  2474 | D:3      | 2474 ||| READING 2 scrolls of teleportation.
  2567 | D:3      | Found Deghuy's Jewellery Shoppe.
  2576 | D:3      | 2576 ||| SHOPLISTING +6 ring of strength (432 gold, have
                  | 68).
  2576 | D:3      | 2576 ||| SHOPLISTING amulet of guardian spirit (360 gold,
                  | have 68).
  2576 | D:3      | 2576 ||| SHOPLISTING amulet of reflection (360 gold, have
                  | 68).
  2576 | D:3      | 2576 ||| SHOPLISTING amulet of regeneration (360 gold, have
                  | 68).
  2576 | D:3      | 2576 ||| SHOPLISTING ring of Creativity {rF++ rCorr Dex+6
                  | Stlth+} (826 gold, have 68).
  2576 | D:3      | 2576 ||| SHOPLISTING ring of willpower (300 gold, have 68).
  2628 | D:3      | Found Iqeduah's Jewellery Emporium.
  2634 | D:3      | Noticed Sigmund
  2636 | D:3      | Found a shimmering altar of Xom.
  2644 | D:3      | HP: 1/26 [something/magic dart (7)]
  2645 | D:3      | Mangled by Sigmund

Levels and vault maps discovered:
D:1:      lemuel_arrival_hallway, layout_loops_cross
D:2:      layout_basic, hellmonk_ecumenical_altar_lost_god,
          corexii_leaking_fountain, minmay_bisected
D:3:      layout_basic, nicolae_xom_altar_mimics, cheibrodos_sewer_entry_bend,
          serial_shops, nicolae_shop_waterfront, shop, nicolae_lakefront_shop,
          shop, nicolae_shop_statue_plus, uniq_sigmund

Skill      XL: |  1  2  3 |
---------------+----------+-----
Axes           | 3 4 |  4.8
Fighting       | |  2.0
Throwing       | |  1.0
Armour         | |  1.1
Dodging        | |  2.1
Spellcasting   | |  2.0
Translocations | |  2.4

Action                   |  1- 3 |  4- 6 || total
-------------------------+-------+-------++-------
Melee: Hand axe          |   103 |    18 ||   121
       Kick              |    15 |     6 ||    21
       Peck              |    11 |       ||    11
       Punch             |     1 |       ||     1
Throw: Boomerang         |     7 |       ||     7
  Use: Scroll            |     4 |     2 ||     6
Armor: Leather armour    |     6 |       ||     6
       Ring mail         |    18 |     4 ||    22
Dodge: Dodged            |    42 |     9 ||    51

Table legend:
 A = Non-vault XP
 B = Vault XP
 C = Vault XP percentage of total XP
 D = Non-vault monster count
 E = Vault monster count
 F = Vault count percentage of total count
                 A         B        C        D         E       F
            +---------+---------+-------+---------+---------+-------
      Total |      98 |       4 |   3.9 |      41 |       3 |   6.8
            +---------+---------+-------+---------+---------+-------
        D:1 |      20 |       0 |   0.0 |      14 |       0 |   0.0
        D:2 |      25 |       4 |  13.8 |      11 |       3 |  21.4
        D:3 |      53 |       0 |   0.0 |      16 |       0 |   0.0
            +---------+---------+-------+---------+---------+-------
